APL (24 & UNDER)
NANTUCKET ORCAS @ EL PASO TEXANS
06/24/2026
 
TOP OF THE 1ST
Nantucket Orcas batting - Pitching for Dunedin Blue Jays : RHP Fernando Guzmán
Pitching: RHP Fernando Guzmán
Batting: RHB Jorge Hernández 0-0: Called Strike
0-1: Ball
1-1: Ball
2-1: Called Strike
2-2: Foul Ball, location: 2F
2-2: Ground out 4-3 (Groundball, 4)
Batting: RHB Ramón Díaz 0-0: Ball
1-0: Ball
2-0: Ball
3-0: Called Strike
3-1: Foul Ball, location: 2F
3-2: Foul Ball, location: 2F
3-2: Ground out 4-3 (Groundball, 4M)
Batting: SHB Cory Campbell 0-0: Ball
1-0: Ball
2-0: Ball
3-0: Base on Balls
Batting: RHB Roberto Canó 0-0: Ball
1-0: Fly out, F7 (Flyball, 7M)
Top of the 1st over - 0 run(s), 0 hit(s), 0 error(s), 1 left on base; Nantucket 0 - Dunedin 0
BOTTOM OF THE 1ST
Dunedin Blue Jays batting - Pitching for Nantucket Orcas : RHP Pedro Santiago
Pitching: RHP Pedro Santiago
Batting: LHB Guy Moss 0-0: Called Strike
0-1: Foul Ball, location: 2F
0-2: Ball
1-2: Foul Ball, location: 2F
1-2: Ball
2-2: Ball
3-2: Foul Ball, location: 2F
3-2: Base on Balls
Batting: SHB Richard Griffin 0-0: Ball
1-0: Fly out, F9 (Flyball, 89M)
Batting: RHB Keith Ivey 0-0: Ball
1-0: Ball
2-0: Foul Ball, location: 2F
2-1: Foul Ball, location: 2F
2-2: Strikes out swinging
Guy Moss steals 2nd base
Batter strikes out.
Batting: RHB Gilberto Tovar 0-0: Ground out 5-3 (Groundball, 56S)
Bottom of the 1st over - 0 run(s), 0 hit(s), 0 error(s), 1 left on base; Nantucket 0 - Dunedin 0
TOP OF THE 2ND
Nantucket Orcas batting - Pitching for Dunedin Blue Jays : RHP Fernando Guzmán
Batting: LHB Noah Gillespie 0-0: Called Strike
0-1: Ball
1-1: Foul Ball, location: 2F
1-2: Ball
2-2: Strikes out swinging
Batting: RHB César Osequedo 0-0: Called Strike
0-1: Foul Ball, location: 2F
0-2: Ball
1-2: Ground out 5-3 (Groundball, 56)
Batting: SHB Dan Dunn 0-0: Ball
1-0: Foul Ball, location: 2F
1-1: Foul Ball, location: 2F
1-2: Ball
2-2: Foul Ball, location: 2F
2-2: Ball
3-2: Foul Ball, location: 2F
3-2: Strikes out swinging
Top of the 2nd over - 0 run(s), 0 hit(s), 0 error(s), 0 left on base; Nantucket 0 - Dunedin 0
BOTTOM OF THE 2ND
Dunedin Blue Jays batting - Pitching for Nantucket Orcas : RHP Pedro Santiago
Batting: RHB David Castillo 0-0: Ball
1-0: Ball
2-0: SINGLE (Line Drive, 6M)
Batting: LHB Roberto Félix 0-0: Foul Ball, location: 2F
0-1: Ball
1-1: Swinging Strike
1-2: Foul Ball, location: 2F
1-2: Strikes out swinging
Batting: RHB Fernando Bórquez 0-0: Called Strike
0-1: Foul Ball, location: 2F
0-2: Strikes out swinging
Batting: RHB José Murillo 0-0: Ball
1-0: Foul Ball, location: 2F
1-1: Swinging Strike
1-2: Ball
2-2: Strikes out swinging
Bottom of the 2nd over - 0 run(s), 1 hit(s), 0 error(s), 1 left on base; Nantucket 0 - Dunedin 0
TOP OF THE 3RD
Nantucket Orcas batting - Pitching for Dunedin Blue Jays : RHP Fernando Guzmán
Batting: RHB Domingo Hernández 0-0: Fly out, F7 (Flyball, 78M)
Batting: RHB Anastasio Zartuche 0-0: SINGLE (Flyball, 8LS)
Batting: RHB Jorge Hernández 0-0: Ball
1-0: Ball
2-0: Ball
3-0: Base on Balls
Anastasio Zartuche to second
Batting: RHB Ramón Díaz 0-0: Ball
1-0: Foul Ball, location: 2F
1-1: SINGLE (Groundball, 56)
Anastasio Zartuche to third
Jorge Hernández to second
Runner from 3rd tries for Home, SAFE, no throw or cutoff
Batting: SHB Cory Campbell 0-0: DOUBLE (Groundball, 3L)
Jorge Hernández scores
Ramón Díaz to third
Batting: RHB Roberto Canó 0-0: Ball
1-0: Ball
2-0: Ground out 6-3 (Groundball, 6)
Ramón Díaz scores
Cory Campbell to third
Batting: LHB Noah Gillespie 0-0: Ball
1-0: Ball
2-0: Ball
3-0: Base on Balls
Batting: RHB César Osequedo 0-0: Foul Ball, location: 2F
0-1: Foul Ball, location: 2F
0-2: Ball
1-2: Foul Ball, location: 2F
1-2: Foul Ball, location: 2F
1-2: Ball
2-2: Ball
Pickoff Throw to First - Error! E1
Cory Campbell scores
Noah Gillespie to second
3-2: Foul Ball, location: 2F
3-2: Strikes out swinging
Top of the 3rd over - 4 run(s), 3 hit(s), 1 error(s), 1 left on base; Nantucket 4 - Dunedin 0
BOTTOM OF THE 3RD
Dunedin Blue Jays batting - Pitching for Nantucket Orcas : RHP Pedro Santiago
Batting: RHB Rafael Carreón 0-0: Called Strike
0-1: Called Strike
0-2: Strikes out swinging
Batting: LHB Guy Moss 0-0: Ball
1-0: Ball
2-0: Called Strike
2-1: Swinging Strike
2-2: Foul Ball, location: 2F
2-2: DOUBLE (Line Drive, 5D)
Batting: SHB Richard Griffin 0-0: Ground out 4-3 (Groundball, 4)
Guy Moss to third
Batting: RHB Keith Ivey 0-0: Swinging Strike
0-1: Foul Ball, location: 2F
0-2: Strikes out swinging
Bottom of the 3rd over - 0 run(s), 1 hit(s), 0 error(s), 1 left on base; Nantucket 4 - Dunedin 0
TOP OF THE 4TH
Nantucket Orcas batting - Pitching for Dunedin Blue Jays : RHP Fernando Guzmán
Batting: SHB Dan Dunn 0-0: Ball
1-0: Ground out U3 (Groundball, 3)
Batting: RHB Domingo Hernández 0-0: Called Strike
0-1: Ball
1-1: Called Strike
1-2: Ground out 6-3 (Groundball, 6)
Batting: RHB Anastasio Zartuche 0-0: Ball
1-0: Foul Ball, location: 2F
1-1: Ball
2-1: Called Strike
2-2: SINGLE (Flyball, 9LS)
Batting: RHB Jorge Hernández 0-0: Ball
1-0: Ball
2-0: Ball
3-0: Base on Balls
Anastasio Zartuche to second
Batting: RHB Ramón Díaz 0-0: Ball
1-0: Called Strike
1-1: Swinging Strike
1-2: Strikes out swinging
Top of the 4th over - 0 run(s), 1 hit(s), 0 error(s), 2 left on base; Nantucket 4 - Dunedin 0
BOTTOM OF THE 4TH
Dunedin Blue Jays batting - Pitching for Nantucket Orcas : RHP Pedro Santiago
Batting: RHB Gilberto Tovar 0-0: Called Strike
0-1: Swinging Strike
0-2: Fly out, F7 (Flyball, 7LM)
Batting: RHB David Castillo 0-0: Ball
1-0: Foul Ball, location: 2F
1-1: Ball
2-1: Ground out 5-3 (Groundball, 56)
Batting: LHB Roberto Félix 0-0: Ball
1-0: Swinging Strike
1-1: Called Strike
1-2: Ball
2-2: Fly out, F8 (Flyball, 8LM)
Bottom of the 4th over - 0 run(s), 0 hit(s), 0 error(s), 0 left on base; Nantucket 4 - Dunedin 0
TOP OF THE 5TH
Nantucket Orcas batting - Pitching for Dunedin Blue Jays : RHP Fernando Guzmán
Batting: SHB Cory Campbell 0-0: Called Strike
0-1: Called Strike
0-2: Ball
1-2: Foul Ball, location: 2F
1-2: Ball
2-2: Foul Ball, location: 2F
2-2: Ball
3-2: Base on Balls
Batting: RHB Roberto Canó 0-0: Fly out, F8 (Flyball, 8RM)
Batting: LHB Noah Gillespie 0-0: Ball
1-0: Foul Ball, location: 2F
1-1: Fielders Choice at 2nd, 3-6 (Groundball, 3)
Batting: RHB César Osequedo 0-0: Ball
1-0: Ball
Throwing error on steal attempt, E2
Noah Gillespie to third
2-0: Fly out, F7 (Flyball, 7S)
Top of the 5th over - 0 run(s), 0 hit(s), 1 error(s), 1 left on base; Nantucket 4 - Dunedin 0
BOTTOM OF THE 5TH
Dunedin Blue Jays batting - Pitching for Nantucket Orcas : RHP Pedro Santiago
Batting: RHB Fernando Bórquez 0-0: Called Strike
0-1: Ball
1-1: Ball
2-1: Reached on error, E6 (Groundball, 56)
Batting: RHB José Murillo 0-0: Called Strike
0-1: Called Strike
0-2: Ball
1-2: Strikes out swinging
Batting: RHB Rafael Carreón 0-0: Foul Ball, location: 2F
0-1: Ball
1-1: Ball
2-1: Swinging Strike
2-2: Foul Ball, location: 2F
2-2: Strikes out swinging
Batting: LHB Guy Moss 0-0: Called Strike
0-1: DOUBLE (Line Drive, 89M)
Fernando Bórquez scores
Batting: SHB Richard Griffin 0-0: Called Strike
0-1: Fly out, F7 (Popup, 5D)
Bottom of the 5th over - 1 run(s), 1 hit(s), 1 error(s), 1 left on base; Nantucket 4 - Dunedin 1
TOP OF THE 6TH
Nantucket Orcas batting - Pitching for Dunedin Blue Jays : RHP Fernando Guzmán
Batting: SHB Dan Dunn 0-0: Ball
1-0: Ground out 3-1 (Groundball, 34)
Batting: RHB Domingo Hernández 0-0: Ball
1-0: Called Strike
1-1: Swinging Strike
1-2: Ball
2-2: Ball
3-2: Base on Balls
Batting: RHB Anastasio Zartuche 0-0: Foul Ball, location: 2F
0-1: Ball
1-1: Ball
2-1: Foul Ball, location: 2F
2-2: Ball
3-2: Base on Balls
Domingo Hernández to second
Pitching: RHP Cliff Wolfe
Batting: RHB Jorge Hernández 0-0: Called Strike
0-1: Foul Ball, location: 2F
0-2: Ball
1-2: Ball
2-2: Foul Ball, location: 2F
2-2: Foul Ball, location: 2F
2-2: Strikes out swinging
Batting: RHB Ramón Díaz 0-0: Ball
1-0: Ball
2-0: Called Strike
2-1: Ball
3-1: Base on Balls
Domingo Hernández to third
Anastasio Zartuche to second
Batting: SHB Cory Campbell 0-0: Foul Ball, location: 2F
0-1: Called Strike
0-2: SINGLE (Groundball, 56D)
Domingo Hernández scores
Anastasio Zartuche to third
Ramón Díaz to second
Runner from 3rd tries for Home, SAFE, no throw or cutoff
Batting: RHB Roberto Canó 0-0: Ball
1-0: Ball
2-0: Ball
3-0: Base on Balls
Ramón Díaz to third
Cory Campbell to second
Batting: LHB Noah Gillespie 0-0: Ball
1-0: Fielders Choice at 2nd, U6 (Groundball, 6M)
Top of the 6th over - 2 run(s), 1 hit(s), 0 error(s), 3 left on base; Nantucket 6 - Dunedin 1
BOTTOM OF THE 6TH
Dunedin Blue Jays batting - Pitching for Nantucket Orcas : RHP Pedro Santiago
Batting: RHB Keith Ivey 0-0: DOUBLE (Groundball, 3D)
Pitching: RHP Sean Flynn
Batting: RHB Gilberto Tovar 0-0: Ball
1-0: Foul Ball, location: 2F
1-1: Ball
2-1: Ball
3-1: Foul Ball, location: 2F
3-2: Base on Balls
Batting: RHB David Castillo 0-0: Ball
1-0: Ball
2-0: Ball
3-0: Called Strike
3-1: Base on Balls
Keith Ivey to third
Gilberto Tovar to second
Batting: LHB Roberto Félix 0-0: Called Strike
0-1: Foul Ball, location: 2F
0-2: Ball
1-2: Strikes out swinging
Batting: RHB Fernando Bórquez 0-0: Ball
1-0: Fly out, F9 (Flyball, 8RS)
Runner from 3rd tags up, SCORES, no throw
Batting: RHB José Murillo 0-0: Fly out, F6 (Line Drive, 6)
Bottom of the 6th over - 1 run(s), 1 hit(s), 0 error(s), 2 left on base; Nantucket 6 - Dunedin 2
TOP OF THE 7TH
Nantucket Orcas batting - Pitching for Dunedin Blue Jays : RHP Cliff Wolfe
Batting: RHB César Osequedo 0-0: Called Strike
0-1: Ball
1-1: Called Strike
1-2: Strikes out swinging
Pitching: RHP Cliff Long
Batting: SHB Dan Dunn 0-0: Ball
1-0: Ball
2-0: Ball
3-0: Called Strike
3-1: Base on Balls
Batting: RHB Domingo Hernández 0-0: Ball
1-0: Foul Ball, location: 2F
1-1: Foul Ball, location: 2F
1-2: Ground out 5-3 (Groundball, 5S)
Dan Dunn to second
Batting: RHB Anastasio Zartuche 0-0: Called Strike
0-1: Foul Ball, location: 2F
0-2: Ground out 6-3 (Groundball, 6M)
Top of the 7th over - 0 run(s), 0 hit(s), 0 error(s), 1 left on base; Nantucket 6 - Dunedin 2
BOTTOM OF THE 7TH
Dunedin Blue Jays batting - Pitching for Nantucket Orcas : RHP Sean Flynn
Batting: RHB Rafael Carreón 0-0: Ball
1-0: Called Strike
1-1: Foul Ball, location: 2F
1-2: Ball
2-2: Ground out 5-3 (Groundball, 5)
Batting: LHB Guy Moss 0-0: Ball
1-0: Ball
2-0: Called Strike
2-1: Ball
3-1: Base on Balls
Pitching: RHP Mathew Wilcox
Batting: SHB Richard Griffin 0-0: Ball
1-0: Ball
2-0: Called Strike
2-1: Ball
3-1: Called Strike
3-2: Strikes out swinging
Guy Moss steals 2nd base
Batter strikes out.
Batting: RHB Keith Ivey 0-0: Called Strike
0-1: Ball
1-1: Swinging Strike
1-2: Ball
2-2: Reached on error, E3 (Groundball, 34S)
Guy Moss to third
Batting: RHB Gilberto Tovar Single, Error in OF, E7, batter to second base
Guy Moss scores
Keith Ivey to third
Batting: RHB David Castillo 0-0: Called Strike
0-1: Swinging Strike
0-2: Ball
1-2: Ball
2-2: Ball
3-2: Base on Balls
Batting: LHB Roberto Félix 0-0: Called Strike
0-1: Ball
1-1: SINGLE (Line Drive, 78S)
Keith Ivey scores
Gilberto Tovar to third
David Castillo to second
Runner from 3rd tries for Home, SAFE, throw made at trailing runner, SAFE at third!
Batting: RHB Fernando Bórquez 0-0: Ball
1-0: Ball
2-0: SINGLE (Groundball, 6MD)
David Castillo scores
Roberto Félix to second
Runner from 2nd tries for 3rd, SAFE, no throw or cutoff
Batting: RHB José Murillo 0-0: Called Strike
0-1: Ground out 5-3 (Groundball, 5S)
Bottom of the 7th over - 4 run(s), 3 hit(s), 2 error(s), 2 left on base; Nantucket 6 - Dunedin 6
TOP OF THE 8TH
Nantucket Orcas batting - Pitching for Dunedin Blue Jays : RHP Cliff Long
Pitching: RHP Ralph Miller
Batting: RHB Jorge Hernández 0-0: Called Strike
0-1: Ball
1-1: Ball
2-1: Fly out, F7 (Flyball, 7M)
Batting: RHB Ramón Díaz 0-0: Ball
1-0: Called Strike
1-1: Called Strike
1-2: SOLO HOME RUN (Flyball, 78XD), Distance : 424 ft
Batting: SHB Cory Campbell 0-0: Ball
1-0: Ball
2-0: Ball
3-0: Called Strike
3-1: Foul Ball, location: 2F
3-2: Foul Ball, location: 2F
3-2: Base on Balls
Pitching: LHP Manuel Santiago
Pinch Hitting: SHB Eric Pimentel 0-0: Called Strike
0-1: Ball
1-1: Ball
2-1: Ball
3-1: Called Strike
3-2: Base on Balls
Cory Campbell to second
Pinch Hitting: RHB Pepe Franco 0-0: Called Strike
Cory Campbell steals 3rd base
Eric Pimentel to second
0-1: Ball
1-1: Swinging Strike
1-2: Ball
2-2: Foul Ball, location: 2F
2-2: Ball
3-2: Base on Balls
Pitching: RHP George Floyd
Batting: RHB César Osequedo 0-0: Swinging Strike
0-1: Foul Ball, location: 2F
0-2: Foul Ball, location: 2F
0-2: Strikes out looking
Batting: SHB Dan Dunn 0-0: Foul Ball, location: 2F
0-1: Ball
1-1: Ball
2-1: Swinging Strike
2-2: Foul Ball, location: 2F
2-2: Foul Ball, location: 2F
2-2: Foul Ball, location: 2F
2-2: Ball
3-2: Base on Balls
Cory Campbell scores
Eric Pimentel to third
Pepe Franco to second
Batting: RHB Domingo Hernández 0-0: SINGLE (Line Drive, 56D)
Eric Pimentel scores
Pepe Franco to third
Dan Dunn to second
Runner from 3rd tries for Home, throw and OUT!
Top of the 8th over - 3 run(s), 2 hit(s), 0 error(s), 2 left on base; Nantucket 9 - Dunedin 6
BOTTOM OF THE 8TH
Dunedin Blue Jays batting - Pitching for Nantucket Orcas : RHP Mathew Wilcox
Now at 3B: Pepe Franco
Now in RF: Ramiro Javier
Batting: RHB Rafael Carreón 0-0: Foul Ball, location: 2F
0-1: Ball
1-1: Ball
2-1: Swinging Strike
2-2: Ground out 1-3 (Groundball, 13S)
Batting: LHB Guy Moss 0-0: Called Strike
0-1: Ball
1-1: Ball
2-1: Ball
3-1: Foul Ball, location: 2F
3-2: Base on Balls
Pitching: LHP Josh Chamberlain
Batting: SHB Richard Griffin 0-0: Ball
1-0: Foul Ball, location: 2F
1-1: Swinging Strike
1-2: Ball
2-2: Foul Ball, location: 2F
2-2: SINGLE (Line Drive, 89S)
Guy Moss to second
Pitching: RHP Kade Coleman
Batting: RHB Keith Ivey 0-0: Ball
1-0: Ball
2-0: Foul Ball, location: 2F
2-1: Foul Ball, location: 2F
2-2: Strikes out looking
Batting: RHB Gilberto Tovar 0-0: Called Strike
0-1: Swinging Strike
0-2: Strikes out looking
Bottom of the 8th over - 0 run(s), 1 hit(s), 0 error(s), 2 left on base; Nantucket 9 - Dunedin 6
TOP OF THE 9TH
Nantucket Orcas batting - Pitching for Dunedin Blue Jays : RHP George Floyd
Pitching: RHP Carlos Díaz
Batting: RHB Anastasio Zartuche 0-0: Ground out 6-3 (Groundball, 6)
Batting: RHB Jorge Hernández 0-0: Swinging Strike
0-1: Ball
1-1: Swinging Strike
1-2: Ball
2-2: Ball
3-2: Strikes out looking
Batting: RHB Ramón Díaz 0-0: Swinging Strike
0-1: Foul Ball, location: 2F
0-2: Strikes out swinging
Top of the 9th over - 0 run(s), 0 hit(s), 0 error(s), 0 left on base; Nantucket 9 - Dunedin 6
BOTTOM OF THE 9TH
Dunedin Blue Jays batting - Pitching for Nantucket Orcas : RHP Kade Coleman
Pitching: RHP José Cuellar
Batting: RHB David Castillo 0-0: Foul Ball, location: 2F
0-1: Ground out 5-3 (Groundball, 56)
Batting: LHB Roberto Félix 0-0: Ground out 6-3 (Groundball, 56)
Batting: RHB Fernando Bórquez 0-0: Ground out 5-3 (Groundball, 56)
Bottom of the 9th over - 0 run(s), 0 hit(s), 0 error(s), 0 left on base; Nantucket 9 - Dunedin 6
Monday, December 5th, 2016 - OOTP Baseball 17.12 Build 75